 Dungeon Crawl Stone Soup version 0.23-a0-650-ga4d50d4d25 (webtiles) character file.

20491 Mazzaar the Unseen (level 12, -1/60 HPs)
             Began as a Spriggan Enchanter on Jan 3, 2019.
             Was a High Priest of Dithmenos.
             Slain by a large slime creature (30 damage)
             ... on level 12 of the Dungeon on Jan 4, 2019.
             The game lasted 01:02:39 (16081 turns).

Mazzaar the Unseen (Spriggan Enchanter)            Turns: 16081, Time: 01:02:39

Health: -1/60      AC:  9    Str:  6    XL:     12   Next: 45%
Magic:  22/35      EV: 26    Int: 20    God:    Dithmenos [*****.]
Gold:   576        SH:  0    Dex: 16    Spells: 18/30 levels left

rFire    . . .     SeeInvis +   E - +4 short sword
rCold    . . .     Gourm    .   (shield restricted)
rNeg     + . .     Faith    .   b - +2 robe
rPois    .         Spirit   .   B - +2 hat
rElec    .         Reflect  .   p - +2 cloak
rCorr    .         Harm     .   (gloves unavailable)
MR       ++...                  (boots unavailable)
Stlth    ++++++++++             (no amulet)
HPRegen  0.20/turn              f - ring of positive energy
MPRegen  0.24/turn              C - ring of magical power

@: wreathed by umbra, studying Unarmed Combat, very quick
A: very small, unfitting armour, hooves 1, horns 1, see invisible, blink,
herbivore, speed 3, slow metabolism 2
a: Blink, Shadow Step, Shadow Form, Renounce Religion


You were on level 12 of the Dungeon.
You worshipped Dithmenos.
Dithmenos was extremely pleased with you.
You were not hungry.

You visited 2 branches of the dungeon, and saw 13 of its levels.
You also visited: Sewer.

You collected 576 gold pieces.

Inventory:

Hand Weapons
 a - a +1 dagger of venom
 v - a +0 rapier
 E - a +4 short sword (weapon)
Missiles
 G - 3 tomahawks of dispersal (quivered)
Armour
 b - a +2 robe (worn)
 p - a +2 cloak (worn)
 B - a +2 hat (worn)
Jewellery
 f - a ring of positive energy (left hand)
 o - an uncursed ring of flight
 C - a ring of magical power (right hand)
 D - an uncursed ring of fire
Wands
 k - a wand of disintegration (22)
 y - a wand of flame (22)
Scrolls
 g - 5 scrolls of teleportation
 h - 2 scrolls of enchant weapon
 i - 6 scrolls of remove curse
 u - a scroll of fog
 A - 2 scrolls of fear
 H - a scroll of identify
Potions
 c - a potion of might
 e - 2 potions of lignification
 l - 4 potions of flight
 m - 4 potions of curing
 n - 5 potions of heal wounds
 q - 2 potions of ambrosia
 s - 5 potions of brilliance
 t - 3 potions of agility
 w - a potion of invisibility
 x - a potion of berserk rage
 z - 2 potions of mutation
 F - a potion of haste
Books
 r - a manual of Unarmed Combat
Miscellaneous
 j - a phial of floods (inert)
Comestibles
 d - 20 rations


   Skills:
 + Level 5.6 Fighting
 + Level 7.5 Short Blades
 + Level 10.3 Dodging
 + Level 19.3 Stealth
 + Level 9.5 Spellcasting
 + Level 10.0 Hexes


You had 18 spell levels left.
You knew the following spells:

 Your Spells              Type           Power        Failure   Level  Hunger
a - Ensorcelled Hibernat  Hex/Ice        ####..       1%          2    None
b - Corona                Hex            #####..      1%          1    None
c - Confuse               Hex            #####...     1%          3    None
d - Tukima's Dance        Hex            #####...     1%          3    None
e - Dazzling Spray        Conj/Hex       ####..       2%          3    None

Your spell library contained the following spells:

 Spells                   Type           Power        Failure   Level  Hunger
 Magic Dart               Conj           #...         8%          1    None
 Fulminant Prism          Conj/Hex       ####......   10%         4    ##.....
 Poisonous Vapours        Pois/Air       #.....       11%         2    None
 Searing Ray              Conj           #.....       11%         2    None
 Conjure Flame            Conj/Fire      #.......     22%         3    None
 Mephitic Cloud           Conj/Pois/Air  #.......     22%         3    None
 Force Lance              Conj/Tloc      #.......     58%         4    ##.....
 Iskenderun's Mystic Bla  Conj           #.......     58%         4    ##.....
 Freezing Cloud           Conj/Ice/Air   #.........   100%        6    ######.
 Ring of Flames           Chrm/Fire      #.........   100%        7    #######


Dungeon Overview and Level Annotations

Branches:
Dungeon (12/15)            Temple (1/1) D:5            Lair (0/6) D:10
    Orc (0/2) D:11

Altars:
Ashenzari
Cheibriados
Dithmenos
Elyvilon
Fedhas
Gozag
Hepliaklqana
Makhleb
Okawaru
Qazlal
Sif Muna
Trog
Uskayaw
Vehumet
Wu Jian
Xom
Yredelemnul
Zin
The Shining One
Beogh

Shops:
D:12 :


Innate Abilities, Weirdness & Mutations

You are very small and have problems with some larger weapons.
You are too small for most types of armour.
You have supernaturally acute eyesight. (SInv)
You are a herbivore.
You cover ground extremely quickly.
You need to consume almost no food.
You have large cloven feet.
You have a pair of small horns on your head.
You can translocate small distances at will.


Message History

You hit the slime creature.
You kill the slime creature!
Dithmenos accepts your kill.
Your Hexes skill increases to level 10!
Casting: Confuse (safe; 1% risk of failure)
Confirm with . or Enter, or press ? or * to list all spells.
Aiming: Confuse (safe; 1% risk of failure)
Press: ? - help, Shift-Dir - straight line, f - large slime creature
Aim: a large slime creature (lightly wounded, umbra, chance to defeat MR: 55%)
The large slime creature appears confused.
You are too injured to fight recklessly!
You are too injured to fight recklessly!
You are too injured to fight recklessly!
You see here a quokka corpse.
You strike the helpless large slime creature from behind!
You impale the large slime creature!! You kick the large slime creature.
The large slime creature is moderately wounded.
The large slime creature hits you!!
Ouch! That really hurt!
You die...

#.JJ.......#.#.#.#..#.# ####
#...J.....r#.#.#...##<######
..####..........#...#.......(...#
......J..^......#####...........#
###..........J...#...........#
#.u.......#................([.
#.##..###########..##...........
#...#############..#.[........#
#..#...§§§§§.J@....[..........#
.......###############...........
.####### ##....###### ###..###
##...# #####


You could see a large slime creature (confused).

Vanquished Creatures
  Nessos (D:12)
  Snorg (D:11)
  3 hydras
  A two-headed ogre (D:9)
  The ghost of MirrMurr the Covert, a journeyman SpEn of Okawaru (D:11)
  The ghost of Tinylith the Chiller, a novice DrIE of Vehumet (D:7)
  Pikel (D:9)
  An ugly thing (D:12)
  A manticore (D:11)
  A guardian serpent (D:10)
  A centaur zombie (D:11)
  A centaur skeleton (D:12)
  A kobold demonologist (D:11)
  3 trolls
  Prince Ribbit (D:6)
  Grinder (D:4)
  A harpy skeleton (D:12)
  3 slime creatures (D:12)
  3 hippogriffs
  3 wraiths (D:10)
  A shadow (D:12)
  3 wyverns
  A basilisk (D:11)
  14 yaks
  2 hungry ghosts (D:12)
  2 chaos spawn (D:9)
  Menkaure (D:4)
  A warg (D:7)
  3 water moccasins
  3 porcupines
  4 sky beasts
  2 slaves (D:9)
  9 orc warriors
  2 ice beasts
  A black bear (D:9)
  3 ogres
  2 necrophages
  5 boggarts (D:12)
  13 centaurs
  An eye of draining (D:12)
  4 big kobolds
  3 bullfrogs
  A water moccasin skeleton (D:10)
  6 scorpions
  5 killer bees
  12 wights
  2 howler monkeys
  A crimson imp (D:9)
  2 bullfrog zombies (D:11)
  5 orc priests
  7 hounds
  3 jellies (D:8)
  2 bullfrog skeletons
  An iguana (D:11)
  5 orc wizards
  3 killer bee zombies
  9 worker ants
  A hound skeleton (D:5)
  A hound zombie (D:10)
  A mummy (D:8)
  A worker ant zombie (D:10)
  Robin (D:4)
  11 adders
  6 river rats
  2 shadow imps (D:6)
  7 oozes
  An adder skeleton (D:10)
  An adder zombie (D:9)
  A worm (D:3)
  2 dart slugs
  3 leopard geckos
  30 orcs
  5 ball pythons
  4 bats
  4 giant cockroaches
  17 goblins
  6 hobgoblins
  11 jackals
  27 kobolds
  3 quokkas
  9 frilled lizards
  A leopard gecko skeleton (D:6)
  26 rats
356 creatures vanquished.

Vanquished Creatures (collateral kills)
  An orc warrior (D:11)
  2 orc priests (D:11)
  4 orcs (D:11)
7 creatures vanquished.

Vanquished Creatures (others)
  A troll (D:12)
  9 fungi (D:10)
  7 plants
17 creatures vanquished.

Grand Total: 380 creatures vanquished

Notes
Turn   | Place    | Note
-------+----------+-------------------------------------------
     0 | D:1      | Mazzaar the Spriggan Enchanter began the quest for the Orb.
     0 | D:1      | Reached XP level 1. HP: 9/9 MP: 5/5
   247 | D:1      | Reached XP level 2. HP: 12/13 MP: 2/7
   251 | D:1      | Learned a level 2 spell: Ensorcelled Hibernation
  1120 | D:2      | Found a deep blue altar of Sif Muna.
  1141 | D:2      | Reached XP level 3. HP: 15/16 MP: 1/9
  1393 | D:1      | Learned a level 3 spell: Confuse
  1397 | D:1      | Learned a level 3 spell: Tukima's Dance
  1407 | D:2      | Reached skill level 5 in Hexes
  1407 | D:2      | Reached XP level 4. HP: 19/21 MP: 3/11
  1580 | D:2      | Found a basalt altar of Yredelemnul.
  2162 | D:2      | Reached XP level 5. HP: 24/24 MP: 13/13
  2167 | D:2      | Learned a level 3 spell: Dazzling Spray
  2446 | D:3      | Gained mutation: Your body sometimes deteriorates upon
                  | taking damage. [potion of mutation]
  2446 | D:3      | Gained mutation: You have a pair of small horns on your
                  | head. [potion of mutation]
  2611 | D:3      | Reached skill level 5 in Stealth
  2700 | D:3      | Found an ornate altar of the Wu Jian Council.
  3470 | D:4      | You fall through a shaft for 2 floors!
  3471 | D:6      | Noticed Prince Ribbit
  3489 | D:6      | Killed Prince Ribbit
  3489 | D:6      | Reached skill level 8 in Stealth
  3489 | D:6      | Reached XP level 6. HP: 10/28 MP: 0/14
  3507 | D:5      | Entered Level 5 of the Dungeon
  3758 | D:5      | Noticed an ice beast
  3794 | D:5      | Found a staircase to the Ecumenical Temple.
  3802 | Temple   | Entered the Ecumenical Temple
  3929 | Temple   | Became a worshipper of Dithmenos the Shadowed
  3990 | D:5      | Killed an ice beast
  3990 | D:5      | Reached skill level 9 in Stealth
  4146 | D:4      | Reached XP level 7. HP: 29/32 MP: 15/15
  4161 | D:4      | Found a glowing drain.
  4167 | Sewer    | Entered a sewer
  4185 | Sewer    | Reached skill level 10 in Stealth
  4554 | Sewer    | Reached * piety under Dithmenos
  4736 | Sewer    | Reached skill level 11 in Stealth
  5054 | D:4      | Noticed Menkaure
  5104 | D:4      | Killed Menkaure
  5143 | D:4      | Reached skill level 12 in Stealth
  5265 | D:4      | Noticed Grinder
  5268 | D:4      | Killed Grinder
  5268 | D:4      | Reached skill level 13 in Stealth
  5268 | D:4      | Reached XP level 8. HP: 36/36 MP: 16/16
  5441 | D:4      | Noticed Robin
  5445 | D:4      | Reached ** piety under Dithmenos
  5447 | D:4      | Killed Robin
  5732 | D:4      | Lost mutation: Your body sometimes deteriorates upon taking
                  | damage. [potion of mutation]
  5732 | D:4      | Gained mutation: You can translocate small distances at
                  | will. [potion of mutation]
  5732 | D:4      | Gained mutation: You have large cloven feet. [potion of
                  | mutation]
  6071 | D:5      | Found a stormy altar of Qazlal.
  6545 | D:6      | Reached skill level 14 in Stealth
  7552 | D:7      | Reached skill level 15 in Stealth
  7594 | D:7      | Found a glowing golden altar of the Shining One.
  7594 | D:7      | Found a glowing silver altar of Zin.
  7921 | D:7      | Noticed Tinylith's ghost (novice DrIE)
  7922 | D:7      | Found a runed gate.
  7924 | D:7      | Found a runed gate.
  7925 | D:7      | Found a runed gate.
  7926 | D:7      | Found a roughly hewn altar of Beogh.
  8227 | D:7      | Reached XP level 9. HP: 24/39 MP: 17/17
  8233 | D:7      | Reached skill level 16 in Stealth
  8251 | D:7      | Killed Tinylith's ghost
  8251 | D:7      | Reached skill level 17 in Stealth
  8472 | D:7      | Reached skill level 5 in Spellcasting
  8917 | D:8      | Reached skill level 1 in Fighting
  8920 | D:8      | Reached *** piety under Dithmenos
  9181 | D:8      | Found a snail-covered altar of Cheibriados.
  9337 | D:8      | Found an opulent altar of Gozag.
  9723 | D:8      | Reached XP level 10. HP: 46/46 MP: 19/19
  9807 | D:9      | Reached skill level 5 in Dodging
 10269 | D:9      | Found a shattered altar of Ashenzari.
 10309 | D:9      | Found a shimmering altar of Xom.
 10310 | D:9      | Found the +7 mace of Variability {chain chaos}
 10530 | D:9      | Noticed Pikel
 10595 | D:9      | Killed Pikel
 10731 | D:9      | Noticed a two-headed ogre
 10759 | D:9      | Reached skill level 18 in Stealth
 10775 | D:9      | Killed a two-headed ogre
 10873 | D:9      | Found a blossoming altar of Fedhas.
 10888 | D:9      | Reached **** piety under Dithmenos
 11312 | D:10     | Entered Level 10 of the Dungeon
 11322 | D:10     | Noticed a guardian serpent
 11989 | D:10     | Reached skill level 5 in Short Blades
 12086 | D:10     | Reached XP level 11. HP: 36/52 MP: 12/22
 12785 | D:10     | Found a staircase to the Lair.
 13341 | D:11     | Noticed Snorg
 14258 | D:11     | Noticed a six-headed hydra
 14265 | D:11     | Found a runed gate.
 14266 | D:11     | Killed a six-headed hydra
 14267 | D:11     | Noticed MirrMurr's ghost (journeyman SpEn)
 14268 | D:11     | Found a runed gate.
 14268 | D:11     | Noticed a 12-headed hydra
 14269 | D:11     | Found a runed gate.
 14331 | D:11     | Reached ***** piety under Dithmenos
 14505 | D:11     | Killed Snorg
 14704 | D:11     | Reached skill level 19 in Stealth
 14807 | D:11     | Killed MirrMurr's ghost
 14807 | D:11     | Killed a 12-headed hydra
 14807 | D:11     | Reached skill level 5 in Fighting
 14926 | D:11     | Found a staircase to the Orcish Mines.
 14935 | D:11     | Found a roughly hewn altar of Beogh.
 14945 | D:11     | Reached XP level 12. HP: 60/60 MP: 22/25
 15171 | D:12     | Noticed Nessos
 15173 | D:12     | Killed Nessos
 15281 | D:12     | Noticed a four-headed hydra
 15441 | D:12     | Found Mushre's Book Shoppe.
 15500 | D:12     | Killed a four-headed hydra
 15683 | D:12     | Reached skill level 10 in Dodging
 16075 | D:12     | Reached skill level 10 in Hexes
 16081 | D:12     | Slain by a large slime creature

Vault maps used:
D:1:      wander_arrival_fairy_ring, serial_park_tiny_pond
D:2:      lemuel_crystal_altar, old_standard_altar, first_ration,
          minmay_ruptured
D:3:      nicolae_overflow_hidden_temple, minmay_misc_feat_secret_circle,
          chequers_serial_rivers_large_b
D:4:      portal_sewer_entry_c, supply_closet_lemuel, serial_park_tiny_1,
          uniq_menkaure, uniq_grinder, uniq_robin
D:5:      minmay_temple_entry_hall, nicolae_qazlal_general_emergency
D:6:      uniq_prince_ribbit1
D:7:      grunt_temple_overflow_open, biasface_ghost_orc_armoury
D:8:      slow_altar_1, hangedman_little_slice_of_home, grunt_gozag_breadcrumbs
D:9:      kennysheep_little_box, lemuel_crystal_altar,
          chequers_serial_rivers_small_3, minmay_guarded_unrand_variability,
          uniq_pikel
D:10:     grunt_lair_entry_orc_guard_hut, st_stairs_8,
          nrook_guardian_serpent_double
D:11:     minmay_orc_entry_temple_small, serial_undead, serial_undead_a,
          serial_undead_b, serial_undead_f, serial_undead_b, serial_undead_c,
          gammafunk_ghost_hydra_chop, uniq_snorg
D:12:     lemuel_ice_spiral_2, serial_shops, nicolae_shop_statue_plus,
          hex_intersection, nicolae_tso_carved_into_rock, uniq_nessos
Temple:   dpeg_chambers_temple
Sewer:    sewer_minmay_treatment

Skill      XL: |  1  2  3  4  5  6  7  8  9 10 11 12 |
---------------+-------------------------------------+-----
Spellcasting   | 3 4 5 7 8 9 |  9.5
Hexes          | 4 5 6 7 9 10 | 10.0
Stealth        | 8 9 13 15 17 18 19 | 19.3
Fighting       | 1 3 5 |  5.6
Short Blades   | 3 5 6 7 |  7.5
Dodging        | 4 7 9 10 | 10.3

Action                   |  1- 3 |  4- 6 |  7- 9 | 10-12 || total
-------------------------+-------+-------+-------+-------++-------
Melee: Dagger            |   103 |   140 |   202 |       ||   445
       Headbutt          |       |     4 |    26 |    57 ||    87
       Kick              |       |       |    26 |    75 ||   101
       Short sword       |       |       |    36 |   382 ||   418
 Cast: Corona            |    10 |       |       |       ||    10
       Ensorcelled Hiber |    13 |    22 |    47 |    91 ||   173
       Confuse           |     2 |     3 |    26 |    64 ||    95
       Dazzling Spray    |       |       |    13 |    17 ||    30
Invok: Shadow Step       |       |       |       |     1 ||     1
Evoke: Wand              |       |     3 |    15 |       ||    18
       Phial of floods   |       |       |       |     1 ||     1
       Box of beasts     |       |       |       |     1 ||     1
  Use: Scroll            |     3 |     9 |     7 |     9 ||    28
       Potion            |       |     1 |     9 |     3 ||    13
 Stab: Sleeping          |    11 |    22 |    63 |    83 ||   179
       Distracted        |     1 |       |       |     2 ||     3
       Confused          |     1 |     2 |     9 |    36 ||    48
       Invisible         |       |       |     1 |     6 ||     7
  Eat: Ration            |       |     1 |     4 |     4 ||     9
Armor: Robe              |     6 |    14 |    34 |    38 ||    92
       Skin              |       |       |     2 |       ||     2
Dodge: Dodged            |    69 |   101 |   236 |   416 ||   822

Table legend:
 A = Non-vault XP
 B = Vault XP
 C = Vault XP percentage of total XP
 D = Non-vault monster count
 E = Vault monster count
 F = Vault count percentage of total count
                 A         B        C        D         E       F
            +---------+---------+-------+---------+---------+-------
      Total |   20226 |    9047 |  30.9 |     243 |     118 |  32.7
            +---------+---------+-------+---------+---------+-------
        D:1 |      78 |       0 |   0.0 |      23 |       0 |   0.0
        D:2 |     115 |       5 |   4.2 |      25 |       3 |  10.7
        D:3 |      64 |       0 |   0.0 |      17 |       0 |   0.0
        D:4 |     165 |     495 |  75.0 |       4 |      15 |  78.9
        D:5 |     310 |       0 |   0.0 |       6 |       0 |   0.0
        D:6 |     395 |     286 |  42.0 |      15 |       1 |   6.2
        D:7 |     596 |    1300 |  68.6 |       8 |      12 |  60.0
        D:8 |    1506 |     178 |  10.6 |      22 |       9 |  29.0
        D:9 |    2543 |    1302 |  33.9 |      23 |       5 |  17.9
       D:10 |    3371 |     742 |  18.0 |      35 |       3 |   7.9
       D:11 |    5156 |    3188 |  38.2 |      33 |      21 |  38.9
       D:12 |    5927 |    1306 |  18.1 |      32 |       1 |   3.0
      Sewer |       0 |     245 | 100.0 |       0 |      48 | 100.0
            +---------+---------+-------+---------+---------+-------
